 Dungeon Crawl Stone Soup version 0.31-a0-152-g6aa68a64a1 (webtiles) character file.

Game seed: 2187771459755684157

343 comborobin the Ducker (level 6, -7/36 HPs)
             Began as a Deep Elf Delver on June 10, 2023.
             Mangled by an ogre
             ... wielding a +0 giant club
              (25 damage)
             ... on level 4 of the Dungeon.
             The game lasted 00:06:02 (3124 turns).

comborobin the Ducker (Deep Elf Delver)             Turns: 3124, Time: 00:06:03

Health: -7/36      AC:  4    Str: 14    XL:     6   Next: 31%
Magic:  8/8        EV: 18    Int: 19    God:
Gold:   223        SH:  5    Dex: 30    Spells: 5/5 levels left

rFire   . . .        d - +1 quarterstaff
rCold   . . .        (shield currently unavailable)
rNeg    . . .        b - +0 leather armour
rPois   .            h - +0 helmet
rElec   .            (no cloak)
rCorr   .            (no gloves)
SInv    .            (no boots)
Will    .....        k - amulet of Suuqeo {Reflect Will+ SH+5}
Stlth   ++++         f - ring of Idimar {Will- Str+5 Int+4 Dex+6}
HPRegen 0.26/turn    n - +6 ring of dexterity
MPRegen 0.11/turn

%: reflection
@: no status effects
A: no striking features
a: no special abilities


You were on level 4 of the Dungeon.
You visited 1 branch of the dungeon, and saw 5 of its levels.

You collected 223 gold pieces.

Inventory:

Hand Weapons
 a - a +0 short sword
 d - a +1 quarterstaff (weapon)
Armour
 b - a +0 leather armour (worn)
 h - a +0 helmet (worn)
 r - an orb of mayhem
Magical Staves
 e - a staff of cold
 s - a staff of poison
Jewellery
 f - the ring of Idimar (left hand) {Will- Str+5 Int+4 Dex+6}
   (You found it on level 3 of the Dungeon)

   [ring of dexterity]

   Str:       It affects your strength (+5).
   Int:       It affects your intelligence (+4).
   Dex:       It affects your dexterity (+6).
   Will:      It decreases your willpower.
 k - the amulet of Suuqeo (around neck) {Reflect Will+ SH+5}
   (You found it on level 2 of the Dungeon)

   [amulet of reflection]

   It reflects blocked missile attacks.
   SH:        It affects your SH (+5).
   Will:      It increases your willpower.
 l - a ring of see invisible
 n - a +6 ring of dexterity (right hand)
Wands
 g - a wand of digging (2)
 u - a wand of iceblast (8)
Scrolls
 c - 3 scrolls of fog
 q - a scroll of immolation {unknown}
 t - a scroll of teleportation {unknown}
Potions
 i - 2 potions of magic {unknown}
 j - 2 potions of brilliance {unknown}
 m - a potion of ambrosia {unknown}
 o - a potion of enlightenment
 p - a potion of invisibility


   Skills:
 - Level 2.4 Fighting
 - Level 4.2 Short Blades
 + Level 6.6 Dodging
 - Level 6.0 Stealth
 * Level 0.3 Evocations


You had 5 spell levels left.
You didn't know any spells.
Your spell library contained the following spells:

 Spells                   Type           Power      Damage    Failure   Level
 Leda's Liquefaction      Hex/Erth       0%         N/A       95%         4
 Lee's Rapid Deconstruct  Erth           0%         3d4*      100%        5
 Leda's Unmaking          Conj/Erth      0%         9d1       100%        6
 Statue Form              Tmut/Erth      0%         N/A       100%        6


Dungeon Overview and Level Annotations

Branches:
Dungeon (6/15)
 Temple: D:4-7

Altars:
Nemelex Xobeh
Vehumet
Yredelemnul

Annotations:
D:4 exclusion: ogre
D:5 Dowan, Duvessa, Eustachio


Message History

As you read the scroll of identify, it crumbles to dust.
p - a potion of invisibility 2 gnolls come into view.
Found a scroll labelled NATSASECOCU.
A gnoll and an adder come into view.
Found a stone staircase leading down.
The gnoll shouts!
There is an open door here.
There is a stone staircase leading up here.
The gnoll closely misses you.
There is a stone staircase leading up here.
You block the gnoll's attack. The gnoll completely misses you.
There is a stone staircase leading up here.
The gnoll completely misses you.
There is a stone staircase leading up here.
The gnoll misses you.
You climb upwards.
Level annotation: exclusion: ogre
There is a stone staircase leading down here.
You thump the gnoll!
The gnoll is heavily wounded.
The gnoll barely misses you.
The ogre hits you with a +0 giant club!!
Ouch! That really hurt!
The gnoll attacks as you move away! The gnoll misses you.
The gnoll closely misses you.
Aiming: Iceblast
Press: ? - help, Shift-Dir - straight line, f - gnoll
Aim: a gnoll, wielding a +0 spear (heavily wounded)
The mass of ice explodes!
The iceblast engulfs the gnoll!!
You kill the gnoll!
The iceblast engulfs the ogre!
The ogre is heavily wounded.
Unknown command.
You barely miss the ogre.
The ogre is heavily wounded.
The ogre hits you with a +0 giant club!!
Ouch! That really hurt!
You die...

#.......# ##.....##.#
#.##.##.#***##(..##...
#[#..##.#,,,,##.##..##
#.#.###.#,,,,.#.##..##
#.#.###.#,,,,.......#.
###.......#,,,,.##.#....
#.......###,,,..*#.#....
#.###.#.# *******#......
#.###.#@# ######.
#.##..#O#### #.
#.##..>)...############.
#.##..#.................
#...#....#.##########.##
##.###...#.# #.##
##.#.####.# #.#.
##..####.# #.#.
##......# #.#.


You could see an ogre.

Vanquished Creatures
  A scorpion (D:3)
  2 orc priests
  A jelly (D:4)
  An iguana (D:4)
  2 orc wizards (D:3)
  A gnoll (D:4)
  4 adders
  3 worms
  A dart slug (D:4)
  7 orcs
  5 ball pythons
  6 endoplasms
  2 giant cockroaches
  3 goblins
  2 hobgoblins
  4 kobolds
  7 quokkas
  3 bats (D:2)
  2 frilled lizards
  2 rats
59 creatures vanquished.

Notes
Turn   | Place    | Note
-------+----------+-------------------------------------------
     0 | D:5      | comborobin the Deep Elf Delver began the quest for the Orb.
     0 | D:5      | Reached XP level 1. HP: 13/13 MP: 3/3
   200 | D:3      | Reached XP level 2. HP: 12/18 MP: 4/4
   218 | D:3      | Reached XP level 3. HP: 12/22 MP: 5/5
   318 | D:3      | Found a sparkling altar of Nemelex Xobeh.
   321 | D:3      | Identified the ring of Idimar {Will- Str+5 Int+4 Dex+6}
   340 | D:3      | Found a basalt altar of Yredelemnul.
   454 | D:3      | Noticed a scorpion
   678 | D:2      | Identified the amulet of Suuqeo {Reflect Will+ SH+5}
   750 | D:2      | Found a sparkling altar of Nemelex Xobeh.
   759 | D:2      | Reached XP level 4. HP: 27/27 MP: 6/6
   787 | D:2      | Found a faded altar of an unknown god.
  1650 | D:3      | Killed a scorpion
  1651 | D:3      | Reached XP level 5. HP: 28/31 MP: 7/7
  1806 | D:4      | Reached skill level 5 in Dodging
  2219 | D:4      | Found a radiant altar of Vehumet.
  2255 | D:4      | Noticed an ogre
  2725 | D:4      | Reached XP level 6. HP: 32/36 MP: 8/8
  3063 | D:5      | Noticed Duvessa
  3063 | D:5      | Noticed Dowan
  3063 | D:5      | Noticed Eustachio
  3124 | D:4      | Mangled by an ogre

Illustrated notes

Levels and vault maps discovered:
D:2:      layout_rooms, basic_altar, shapermc_ecumenical_altar_mp_urbaneastern,
          st_stairs_4, kennysheep_cross_room
D:3:      layout_loops_ring, amcnicky_altar_gilded, yredelemnul_altar_generic,
          serial_bayou, serial_bayou_pond_a, serial_bayou_shore_a,
          serial_bayou_shore_b, serial_bayou_pond_d, serial_bayou_pond_d,
          hangedman_decor_growths, minmay_misc_feat_pillars, nicolae_wormholes
D:4:      layout_loops_cross, lemuel_round_altar, kennysheep_generic_room_5
D:5:      kennysheep_steamy, layout_basic, uniq_edmund, uniq_duvessa,
          uniq_eustachio
D:6:      layout_gridville, grunt_temple_overflow_champion_of_chaos,
          enter_ossuary_5

Skill      XL: |  1  2  3  4  5 |
---------------+----------------+-----
Short Blades   | 3 4 |  4.2
Dodging        | 4 6 |  6.6
Fighting       | |  2.4
Stealth        | |  6.0
Evocations     | |  0.3

Action                     |  1- 3 |  4- 6 || total
---------------------------+-------+-------++-------
  Melee: Quarterstaff      |    72 |   123 ||   195
         Short sword       |     6 |       ||     6
         Punch             |     1 |       ||     1
  Evoke: Wand              |     1 |     1 ||     2
    Use: Scroll            |     2 |     5 ||     7
         Potion            |     2 |       ||     2
   Stab: Sleeping          |     4 |     9 ||    13
 Armour: Leather armour    |    19 |    14 ||    33
  Dodge: Dodged            |    54 |    84 ||   138
  Block: Other             |     1 |    27 ||    28
         Reflection        |       |     2 ||     2

Table legend: (Time is in decaauts)
 A = Elapsed time spent in this place.
 B = Non-inter-level travel time spent in this place.
 C = Inter-level travel time spent in this place.
 D = Time resting spent in this place.
 E = Time spent auto-exploring this place.
 F = Levels seen in this place.
 G = Mean time per level.
                   A        B        C        D        E       F      G
               +--------+--------+--------+--------+--------+-----+--------+
         Total |   3186 |   3008 |    178 |    601 |   1482 |   5 |  637.2 |
       Dungeon |   3186 |   3008 |    178 |    601 |   1482 |   5 |  637.2 |
               +--------+--------+--------+--------+--------+-----+--------+

Top non-repeatable levels by time:
     D:3: 1356 daAuts
     D:4: 951 daAuts
     D:2: 596 daAuts
     D:5: 279 daAuts
     D:6: 1 daAuts
